 Dungeon Crawl Stone Soup version 0.31-a0-366-ga77b45b (webtiles) character file.

Game seed: 6579079655215163640

116 Dorkslayer the Ruffian (level 5, -4/34 HPs)
             Began as an Octopode Shapeshifter on July 27, 2023.
             Slain by an orc
             ... wielding a +0 mace
              (5 damage)
             ... on level 3 of the Dungeon.
             The game lasted 00:05:39 (1429 turns).

Dorkslayer the Ruffian (Octopode Shapeshifter)      Turns: 1429, Time: 00:05:39

Health: -4/34      AC:  1    Str: 15    XL:     5   Next: 1%
Magic:  5/5        EV: 13    Int: 10    God:
Gold:   96         SH:  0    Dex: 14    Spells: 4/4 levels left

rFire   . .          .
                       - Unarmed
rCold   . . .        (no shield)
rNeg    . . .        (helmet currently unavailable)
rPois   +            (no amulet)
rElec   .            i - ring of poison resistance
rCorr   .            (no ring)
SInv    .            (no ring)
Will    .....        (no ring)
Stlth   +++          (no ring)
HPRegen 0.25/turn    (no ring)
MPRegen 0.09/turn    (no ring)
                     (no ring)

%: no passive effects
@: beast-form
A: beast (slay +2), almost no armour, amphibious, 8 rings, camouflage 1,
gelatinous body 1, (nimble swimmer 1), tentacles
a: Begin Untransformation


You were on level 3 of the Dungeon.
You were a hulking beast.
You visited 1 branch of the dungeon, and saw 3 of its levels.

You collected 96 gold pieces.

Inventory:

Jewellery
 i - a ring of poison resistance (left tentacle)
Talismans
 b - a beast talisman
Wands
 h - a wand of mindburst (15)
Scrolls
 c - a scroll of vulnerability {unknown}
 f - a scroll of fog
 j - a scroll of brand weapon
 k - 2 scrolls of poison {unknown}
Potions
 a - a potion of lignification
 d - a potion of attraction
 e - 2 potions of magic
 g - a potion of resistance
 l - a potion of ambrosia


   Skills:
 * Level 1.7 Fighting
 * Level 2.6 Dodging
 + Level 2.0 Stealth
 + Level 3.9 Unarmed Combat
 + Level 3.5 Shapeshifting


You had 4 spell levels left.
You didn't know any spells.
Your spell library contained the following spells:

 Spells                   Type           Power      Damage    Failure   Level
 Magic Dart               Conj           0%         1d3       36%         1
 Shock                    Conj/Air       0%         1d3       36%         1
 Searing Ray              Conj           0%         2d4       50%         2
 Swiftness                Air            0%         N/A       75%         3
 Airstrike                Air            0%         2d(0-16)  98%         4
 Fulminant Prism          Conj/Hex       0%         3d5       98%         4


Dungeon Overview and Level Annotations

Branches:
Dungeon (3/15)

Altars:


Innate Abilities, Weirdness & Mutations

You are a hulking beast.
Your limbs bulge with bestial killing power. (Slay +2)
You cannot wear most types of armour.
You are amphibious.
You can wear up to eight rings at the same time.
Your skin changes colour to match your surroundings (Stealth+).
Your rubbery body absorbs attacks. (AC +1, EV +1)
((You are camouflaged when in or above water. (Stealth+)))
You have tentacles for arms and can constrict up to eight enemies at once.


Message History

You kill the ball python!
Found a scroll of identify.
m - a scroll of identify
Found 3 gold pieces.
You now have 96 gold pieces (gained 3).
As you read the scroll of identify, it crumbles to dust.
l - a potion of ambrosia
Found a stone staircase leading down. 2 orcs come into view.
The orc shouts!
You hear a shout!
An orc comes into view. It is wielding a +0 trident.
The orc shouts!
You tentacle-slap the orc. You grab the orc. You squeeze the orc.
The orc is severely wounded.
You constrict the orc.
You kill the orc!
You have reached level 5!
You feel stronger.
You closely miss the orc. You grab the orc. You constrict the orc.
The orc misses you. The orc barely misses you.
You release your grip on the orc.
The orc hits you with a +0 mace. The orc misses you.
You tentacle-slap the orc but do no damage.
You grab the orc.
You constrict the orc, but do no damage.
The orc hits you with a +0 mace. The orc hits you with a +0 trident!
You tentacle-slap the orc. You squeeze the orc.
The orc is severely wounded.
You constrict the orc, but do no damage.
The orc hits you with a +0 mace. The orc hits you with a +0 trident.
You tentacle-slap the orc but do no damage.
The orc is severely wounded.
You constrict the orc. The orc hits you with a +0 mace.
* * * LOW HITPOINT WARNING * * *
The orc hits you with a +0 trident!
* * * LOW HITPOINT WARNING * * *
You tentacle-slap the orc.
You kill the orc!
The orc hits you with a +0 mace.
You die...

..# #. .# ##.# #.#
#.##.###.##.# #.#
......#.##.# #.#
##.......##.# #.#
#.......###.# #.#
#....>......#
#.####.......###.####.#
.............##.h)....#
#.####.#...#.##.o######
#.## #.##......).#
.#.###.#####.###..#
.##........#.# #..#
.#.###.###.#.# #..#
#.## #.# #.# #..#
#.####.###.#.# #..#
#.#..........# ..#


You could see an orc.

Vanquished Creatures
  Jessica (D:2)
  2 adders (D:2)
  3 dart slugs
  5 orcs (D:3)
  An endoplasm (D:1)
  A giant cockroach (D:1)
  8 goblins
  5 hobgoblins
  2 jackals (D:3)
  4 quokkas
  9 ball pythons
  6 bats
  5 frilled lizards
  4 kobolds
  4 rats
60 creatures vanquished.

Notes
Turn   | Place    | Note
-------+----------+-------------------------------------------
     0 | D:1      | Dorkslayer the Octopode Shapeshifter began the quest for
                  | the Orb.
     0 | D:1      | Reached XP level 1. HP: 13/13 MP: 1/1
    91 | D:1      | Reached XP level 2. HP: 18/18 MP: 2/2
   325 | D:1      | Reached XP level 3. HP: 22/23 MP: 3/3
   416 | D:1      | Found a faded altar of an unknown god.
   589 | D:2      | Noticed Jessica
   592 | D:2      | Killed Jessica
   593 | D:2      | Reached skill level 1 in Stealth
   593 | D:2      | Reached XP level 4. HP: 22/28 MP: 4/4
  1423 | D:3      | Reached XP level 5. HP: 34/34 MP: 5/5
  1428 | D:3      | HP: 1/34 [orc/+0 trident (7)]
  1429 | D:3      | Slain by an orc

Illustrated notes

Levels and vault maps discovered:
D:1:      scummos_arrival_checkerplants, layout_rooms,
          shapermc_ecumenical_altar_hornbeckon
D:2:      layout_rooms, kennysheep_generic_room_6, uniq_jessica
D:3:      layout_loops_ring

Skill      XL: |  1  2  3  4 |
---------------+-------------+-----
Stealth        | 1 2 |  2.0
Fighting       | |  1.7
Dodging        | |  2.6
Unarmed Combat | |  3.9
Shapeshifting  | |  3.5

Action                     |  1- 3 |  4- 6 || total
---------------------------+-------+-------++-------
  Melee: Unarmed           |    46 |    47 ||    93
         Tentacles         |    11 |     8 ||    19
         Constrict         |    13 |     9 ||    22
         Punch             |       |     1 ||     1
  Evoke: Wand              |       |     1 ||     1
    Use: Scroll            |       |    10 ||    10
   Stab: Sleeping          |     5 |     8 ||    13
 Armour: Skin              |     6 |     1 ||     7
  Dodge: Dodged            |    29 |    16 ||    45

Table legend: (Time is in decaauts)
 A = Elapsed time spent in this place.
 B = Non-inter-level travel time spent in this place.
 C = Inter-level travel time spent in this place.
 D = Time resting spent in this place.
 E = Time spent auto-exploring this place.
 F = Levels seen in this place.
 G = Mean time per level.
                   A        B        C        D        E       F      G
               +--------+--------+--------+--------+--------+-----+--------+
         Total |   1421 |   1421 |      0 |      5 |    646 |   3 |  473.7 |
       Dungeon |   1421 |   1421 |      0 |      5 |    646 |   3 |  473.7 |
               +--------+--------+--------+--------+--------+-----+--------+

Top non-repeatable levels by time:
     D:1: 586 daAuts
     D:2: 462 daAuts
     D:3: 372 daAuts
